 Dungeon Crawl Stone Soup version 0.23.2 (webtiles) character file.

Game seed: 7519310816598823547

212 Yunesin the Poker (level 5, -1/37 HPs)
             Began as an Octopode Berserker on Apr 4, 2019.
             Was a Believer of Trog.
             Slain by an ogre
             ... wielding a +0 giant club
              (27 damage)
             ... on level 4 of the Dungeon.
             The game lasted 00:07:47 (2563 turns).

Yunesin the Poker (Octopode Berserker)              Turns: 2563, Time: 00:07:48

Health: -1/37      AC:  1    Str: 16    XL:     5   Next: 89%
Magic:  5/5        EV: 15    Int:  9    God:    Trog [**....]
Gold:   141        SH:  0    Dex: 13    Spells: 4/4 levels left

rFire    . . .     SeeInvis .   l - +0 trident
rCold    . . .     Gourm    .   (no shield)
rNeg     . . .     Faith    .   (helmet restricted)
rPois    .         Spirit   .   (no amulet)
rElec    .         Reflect  .   (no ring)
rCorr    .         Harm     .   (no ring)
MR       .....                  (no ring)
Stlth    +++.......             (no ring)
HPRegen  0.12/turn              (no ring)
MPRegen  0.09/turn              (no ring)
                                (no ring)
                                (no ring)

@: no status effects
A: almost no armour, stealthy swim, amphibious, 8 rings, constrict 8, camouflage
1, gelatinous body 1
a: Berserk, Trog's Hand, Renounce Religion


You were on level 4 of the Dungeon.
You worshipped Trog.
Trog was pleased with you.
You were not hungry.

You visited 1 branch of the dungeon, and saw 4 of its levels.

You collected 141 gold pieces.

Inventory:

Hand Weapons
 a - a +0 spear
 l - a +0 trident (weapon)
Jewellery
 q - a +3 ring of slaying {unknown}
Wands
 m - a wand of paralysis (9)
Scrolls
 d - a scroll of teleportation
 e - 3 scrolls of identify
 j - a scroll of immolation
 k - a scroll of fear
Potions
 c - a potion of curing
 f - a potion of heal wounds {unknown}
 g - 2 potions of berserk rage {unknown}
 h - a potion of flight {unknown}
 i - a potion of might {unknown}
 o - a potion of resistance {unknown}
 p - a potion of degeneration {unknown}
Comestibles
 b - 6 rations
 n - 9 chunks of flesh


   Skills:
 + Level 4.0 Fighting
 * Level 4.5 Polearms
 * Level 4.3 Dodging
 - Level 1.3 Stealth


You had 4 spell levels left.
You didn't know any spells.
Your spell library was empty.

Dungeon Overview and Level Annotations

Branches:
Dungeon (4/15)
 Temple: D:4-7

Altars:
Cheibriados
Dithmenos
Gozag
Kikubaaqudgha
Nemelex Xobeh


Innate Abilities, Weirdness & Mutations

You cannot wear most types of armour.
You are very stealthy in the water. (Stealth+)
You are amphibious.
You can wear up to eight rings at the same time.
You can use your tentacles to constrict eight enemies at once.
Your skin changes colour to match your surroundings (Stealth+).
Your rubbery body absorbs attacks. (AC +1, EV +1)


Message History

You kill the gnoll!
Trog accepts your kill.
Attack whom?
Press: ? - help, Dir - move target cursor, f - ogre
Aim: an ogre, wielding a +0 giant club You reach to attack!
You hit the ogre.
The ogre is lightly wounded.
The gnoll throws a stone.
The stone closely misses you.
You barely miss the ogre. You squeeze the ogre!
The ogre is heavily wounded.
The ogre misses you.
The gnoll throws a stone.
The stone closely misses you.
You hit the ogre.
The ogre is heavily wounded.
The gnoll throws a stone.
The stone barely misses you. The ogre misses you.
You hit the ogre. Your squeeze misses the ogre.
The ogre is severely wounded.
The gnoll hits you from afar with a +0 halberd!
The ogre hits you with a +0 giant club!!
Ouch! That really hurt!
You die...

#.##..# #.##.##.#####
#.##..######(##.##.....####
..........................#
#.##..######.#)........##.#
#.##..######.#..##.....##.#######
...#.............................
.....#######.#...#.....##.######.
#...##...###.#..(..###.##.#
#..##..⌠..##.#..@### #.##.#
#..#.......#.#.)O# #....#
#..#..._...#.#..g# ######
#..'.8...8.#......
#..#..._...#g#....
...#.......#.#....# ...##..⌠..##
.....# ....##...## .#..#.#
#..#.#####


You could see an ogre and 2 gnolls.

Vanquished Creatures
  An orc wizard (D:4)
  Terence (D:3)
  A worker ant (D:4)
  A gnoll (D:4)
  5 adders
  A dart slug (D:2)
  2 leopard geckos (D:1)
  6 orcs
  2 ball pythons
  3 giant cockroaches
  2 goblins
  6 hobgoblins
  11 jackals
  A quokka (D:2)
  7 bats
  6 frilled lizards
  7 kobolds
  8 rats
71 creatures vanquished.

Notes
Turn   | Place    | Note
-------+----------+-------------------------------------------
     0 | D:1      | Yunesin the Octopode Berserker began the quest for the Orb.
     0 | D:1      | Reached XP level 1. HP: 16/16 MP: 1/1
    65 | D:1      | Reached XP level 2. HP: 21/21 MP: 2/2
   326 | D:1      | Reached XP level 3. HP: 24/26 MP: 3/3
   331 | D:1      | Reached ** piety under Trog
   675 | D:2      | Reached skill level 1 in Stealth
   874 | D:2      | Found a sparkling altar of Nemelex Xobeh.
  1187 | D:3      | Reached XP level 4. HP: 32/32 MP: 4/4
  1533 | D:3      | Noticed Terence
  1546 | D:3      | HP: 1/33 [Terence/+0 trident (7)]
  1840 | D:3      | Killed Terence
  1925 | D:3      | Found a snail-covered altar of Cheibriados.
  1925 | D:3      | Found an ancient bone altar of Kikubaaqudgha.
  1926 | D:3      | Found a shadowy altar of Dithmenos.
  2191 | D:3      | Reached XP level 5. HP: 37/37 MP: 5/5
  2478 | D:4      | Found an opulent altar of Gozag.
  2478 | D:4      | Found a sparkling altar of Nemelex Xobeh.
  2557 | D:4      | Noticed an ogre
  2563 | D:4      | Slain by an ogre

Skill      XL: |  1  2  3  4  5 |
---------------+----------------+-----
Stealth        | 1 |  1.3
Polearms       | 4 |  4.5
Dodging        | 4 |  4.3
Fighting       | 4 |  4.0

Action                   |  1- 3 |  4- 6 || total
-------------------------+-------+-------++-------
Melee: Spear             |    93 |    35 ||   128
       Constrict         |    22 |    11 ||    33
       Tentacles         |    19 |    18 ||    37
       Trident           |       |    33 ||    33
  Use: Scroll            |       |     7 ||     7
 Stab: Sleeping          |     7 |     5 ||    12
  Eat: Chunk             |     1 |     4 ||     5
Armor: Skin              |     5 |     2 ||     7
Dodge: Dodged            |    28 |    33 ||    61
